[Event "*** Titled Tuesday Blitz"]
[Site "Chess.com"]
[Date "2020.04.28"]
[Round "2"]
[White "Mourinho_Jose"]
[Black "RaunakSadhwani2005"]
[Result "0-1"]
[WhiteElo "2566"]
[BlackElo "2886"]
[TimeControl "180+1"]
[EndTime "10:18:32 PDT"]
[Termination "RaunakSadhwani2005 won on time"]

1. Nf3 d5 2. g3 Nc6 3. d4 Bf5 4.
a3 e6 5. Bg2 Be7 6. c4 Nf6 7.
Nc3 O-O 8. cxd5 exd5 9. Bg5 h6 10. Bxf6 Bxf6 11. O-O Ne7 12. e3 Nc8 13. Rc1 c6 14.
Na4 Nd6 15. Nd2 Re8 16. Nc5 a5 17. b4 axb4 18. axb4 b6 19. Ncb3 Qd7 20. Ra1 Nc4 21. Qc1 Rxa1 22. Qxa1 Be7 23. Qc3 Be6 24. Nxc4 dxc4 25. Nd2 b5 26. Ne4 Ra8 27. Nc5 Qc8 28.
Rd1 Bh3 29. Bxh3 Qxh3 30. d5 cxd5 31. Rxd5 Bf6 32. Qe1 Ra1 33. Rd1 Bc3 34. Qe2 Rxd1+ 35. Qxd1 Bxb4 36. Qd8+ Kh7 37. Na6 Qf5 38. Qb6 Be7 39.
Qd4 Bf6 40. Qb6 c3 41. Nc5 c2 42. Nb3 Bb2 43. Qc6 Qd3 0-1

[Event "*** Titled Tuesday Blitz"]
[Site "Chess.com"]
[Date "2020.04.28"]
[Round "2"]
[White "ega2006"]
[Black "politeplayer"]
[Result "1-0"]
[WhiteElo "2440"]
[BlackElo "2201"]
[TimeControl "180+1"]
[EndTime "10:18:32 PDT"]
[Termination "ega2006 won by resignation"]

1. e4 e6 2. d4 d5 3. Nc3 dxe4 4.
Nxe4 Nd7 5. Nf3 Ngf6 6. Bd3 Nxe4 7. Bxe4 Nf6 8. Bd3 c5 9. O-O cxd4 10. Nxd4 Bc5 11. Nb3 Bb6 12. Bg5 Bd7 13. Qf3 Bc6 14.
Qh3 h6 15. Rad1 Qc7 16. Rfe1 O-O-O 17. Be3 Bxe3 18. Qxe3 Kb8 19. c3 Rd5 20. Nd4 Rhd8 21. Bc4 Rh5 22. Qg3 e5 23. Nf3 Rxd1 24. Rxd1 Ne4 25.
Qxg7 a6 26. Qxf7 Qb6 27. Qxh5 Qxf2+ 28. Kh1 Ng5 29. Rf1 Bxf3 30. Rxf2 Bxh5 31. Rf6 Ne4 32. Rxh6 Bd1 33. Re6 Nd2 34. Rxe5 Nxc4 35. Rd5 Ka7 36. Rxd1 Nxb2 37. Rf1 Nc4 38. Rf6 a5 39. h4 a4 40.
h5 a3 41. h6 b5 42. h7 Ne5 43. h8=Q 1-0

[Event "*** Titled Tuesday Blitz"]
[Site "Chess.com"]
[Date "2020.04.28"]
[Round "2"]
[White "Arjun2002"]
[Black "NiranjanNavalgund"]
[Result "1/2-1/2"]
[WhiteElo "2685"]
[BlackElo "2463"]
[TimeControl "180+1"]
[EndTime "10:18:33 PDT"]
[Termination "Game drawn by repetition"]

1. e4 c5 2. Nf3 Nc6 3. d4 cxd4 4. Nxd4 g6 5. c4 Nf6 6. Nc3 Nxd4 7. Qxd4 d6 8. f3 Bg7 9. Be3 O-O 10. Qd2 a5 11. Na4 Nd7 12. Be2 b6 13. O-O Nc5 14. Nc3 a4 15. Rac1 a3 16. b3 Bb7 17.
Rfd1 h5 18. Bd4 Bxd4+ 19. Qxd4 Kh7 20. Rd2 Qd7 21. Rcd1 Rfd8 22. Nb5 f6 23. Qe3 Bc6 24. Nd4 Bb7 25. Nc2 Ne6 26. Qxb6 Nf4 27. Qe3 g5 28. Bf1 h4 29. b4 Qa4 30. c5 d5 31. exd5 Nxd5 32. Qe4+ Kg7 33. Rxd5 Bxd5 34. Rxd5 Rxd5 35. Qxd5 Qxc2 36. Qxa8 Qxa2 37. Qa7 Kf7 38. Qa6 Qb2 39.
Bc4+ Kg7 40. Qe6 Qd4+ 41. Kf1 Qd1+ 42. Kf2 Qd4+ 43. Ke2 Qb2+ 44. Kd3 Qb1+ 45. Kd4 Qb2+ 46. Kd5 a2 47. Qxe7+ Kh6 48. Qf8+ Kh5 49. Qf7+ Kh6 50. Qf8+ Kh5 51. Qh8+ Kg6 52. Qg8+ Kh6 53. Qf8+ 1/2-1/2

[Event "*** Titled Tuesday Blitz"]
[Site "Chess.com"]
[Date "2020.04.28"]
[Round "2"]
[White "otrov-11"]
[Black "mirceaparligras"]
[Result "0-1"]
[WhiteElo "2406"]
[BlackElo "2672"]
[TimeControl "180+1"]
[EndTime "10:18:33 PDT"]
[Termination "mirceaparligras won on time"]

1. Nf3 d5 2. c4 d4 3. e3 c5 4. exd4 cxd4 5. d3 Nc6 6. g3 e5 7. Bg2 Nf6 8. O-O Bd6 9. Bg5 O-O 10. Nbd2 h6 11. Bxf6 Qxf6 12. Ne4 Qe7 13. Nxd6 Qxd6 14.
Nd2 Bf5 15. Ne4 Qc7 16. f4 a5 17. fxe5 Qxe5 18. Qh5 Bg6 19. Qxe5 Nxe5 20. Rad1 b6 21. Rfe1 Ng4 22. Bf3 Ne3 23. Rc1 Rac8 24. Nf2 Rfe8 25.
Be4 Bxe4 26. Nxe4 Rc6 27. b3 f5 28. Nd2 Kf7 29. Nf3 Rd6 30. Re2 g5 31. Rce1 f4 32.
Rf2 Ng4 33. Rxe8 Nxf2 34. Re2 Nxd3 35. Rd2 Nb4 36. gxf4 gxf4 37. Rxd4 Rxd4 38. Nxd4 Nxa2 39. Ne2 f3 40. Nd4 Kf6 41. Kf2 Ke5 42. Nxf3+ Ke4 43.
Ke2 Nc1+ 44. Kf2 Nxb3 45. h4 a4 46. Ne1 a3 0-1

[Event "*** Titled Tuesday Blitz"]
[Site "Chess.com"]
[Date "2020.04.28"]
[Round "2"]
[White "NotFischer"]
[Black "Rodalquilar"]
[Result "0-1"]
[WhiteElo "2150"]
[BlackElo "2607"]
[TimeControl "180+1"]
[EndTime "10:18:33 PDT"]
[Termination "Rodalquilar won on time"]

1. Nf3 d5 2. g3 Nf6 3. Bg2 e6 4. d4 Be7 5. O-O O-O 6. c4 dxc4 7. Nbd2 b5 8. a4 c6 9. axb5 cxb5 10. Ne5 Nd5 11. Qc2 Bb7 12. e4 Nb4 13. Qc3 N8c6 14. Ndf3 a5 15. Rd1 Qc7 16. Bf4 Bd6 17. Nxc6 Bxc6 18.
Bxd6 Qxd6 19. Ne5 Bb7 20. b3 cxb3 21. Qxb3 Rfc8 22. Rac1 Rxc1 23. Rxc1 Qxd4 24. Nxf7 Nd3 25. Qxe6 Qxf2+ 26. Kh1 Qxf7 27. Qxf7+ Kxf7 28. Rc7+ Ke6 29. Rxb7 b4 30. e5 Rd8 31. Ra7 Nxe5 32. Be4 Rd1+ 33. Kg2 Rd2+ 34. Kg1 Nc4 35. Rxg7 b3 36. Rxh7 a4 37. Ra7 a3 38. g4 a2 39. Bf5+ Ke5 40.
h4 b2 41. Rxa2 Ne3 42. Ra5+ Kf4 43. Bh7 Kg3 0-1

[Event "*** Titled Tuesday Blitz"]
[Site "Chess.com"]
[Date "2020.04.28"]
[Round "2"]
[White "KingCrusher275"]
[Black "bmt011"]
[Result "0-1"]
[WhiteElo "2357"]
[BlackElo "2028"]
[TimeControl "180+1"]
[EndTime "10:18:33 PDT"]
[Termination "bmt011 won on time"]

1. d4 Nf6 2. c4 e6 3. Nc3 Bb4 4. Qc2 O-O 5. a3 Bxc3+ 6. Qxc3 Ne4 7. Qc2 f5 8. g3 b6 9. Bg2 Bb7 10. Nf3 Nc6 11. O-O d6 12. Be3 e5 13. dxe5 dxe5 14. Rad1 Qe7 15. Nd2 Nf6 16. Qxf5 Nd4 17. Bxd4 Bxg2 18.
Kxg2 exd4 19. Qd3 Rae8 20. Rde1 c5 21. e3 Qb7+ 22. e4 Nd7 23. Nf3 Re7 24. Re2 Ref7 25.
Nd2 Ne5 26. Qb1 d3 27. Ree1 Nf3 28. Nxf3 Rxf3 29. Qd1 Qd7 30. Qxf3 Rxf3 31. Kxf3 Qf7+ 32. Ke3 Qxc4 33. Rd1 Qd4+ 34. Kf3 Qxb2 35. Rxd3 c4 36. Rd8+ Kf7 37. Rd7+ Kf6 38. Rfd1 Qxa3+ 39. Kg2 c3 40. R1d6+ Ke5 41. Rd5+ Kxe4 42. Rd4+ Ke5 43. R4d5+ Ke6 44. Rd3 Qc5 45. R7d4 c2 46. Re3+ Kf5 47. Rf4+ Kg6 48.
Rg4+ Kh5 49. Rh4+ Kg5 50. f4+ Kf6 0-1

[Event "*** Titled Tuesday Blitz"]
[Site "Chess.com"]
[Date "2020.04.28"]
[Round "2"]
[White "blitzking1729"]
[Black "Beca95"]
[Result "0-1"]
[WhiteElo "2559"]
[BlackElo "2874"]
[TimeControl "180+1"]
[EndTime "10:18:34 PDT"]
[Termination "Beca95 won by resignation"]

1. d4 Nf6 2. c4 e6 3. Nf3 c5 4. d5 d6 5. Nc3 exd5 6. cxd5 g6 7. Bf4 a6 8. a4 Bg7 9. e3 O-O 10. Be2 Ne8 11. O-O Nd7 12. Nd2 Ne5 13. a5 Rb8 14.
Qb3 b5 15. axb6 Rxb6 16. Qa2 Rb8 17. Nc4 Nxc4 18. Bxc4 Nc7 19. Rac1 Re8 20. b3 h5 21. Rfd1 g5 22. Bg3 h4 23. Bxh4 gxh4 24. Ne2 Nb5 25. Qd2 Qg5 26. Nf4 Bd7 27. Re1 Be5 28. Nd3 Qg7 29.
Nxe5 Rxe5 30. f4 Re7 31. e4 Nd4 32. Qf2 Bb5 33. e5 Bxc4 34. Rxc4 Rxb3 35. Kh1 Qg4 36. Ra4 h3 37. gxh3 Qf3+ 38. Qg2+ Qxg2+ 39. Kxg2 Rb6 40. Rea1 dxe5 41. fxe5 Rxe5 42. Rxa6 Rxa6 43. Rxa6 Rxd5 44. Ra8+ Kg7 45. Kf2 Ne6 46. Rc8 Rd3 47. h4 Rc3 48. h5 Rc2+ 49. Kg3 c4 50. Kg4 c3 51. h3 Rc1 52.
Kh4 c2 53. Rc4 Nd4 54. h6+ Kxh6 55. Rxd4 Rd1 0-1

[Event "*** Titled Tuesday Blitz"]
[Site "Chess.com"]
[Date "2020.04.28"]
[Round "2"]
[White "Hasangatin_Ramil"]
[Black "Colombiano07"]
[Result "1-0"]
[WhiteElo "2454"]
[BlackElo "2217"]
[TimeControl "180+1"]
[EndTime "10:18:34 PDT"]
[Termination "Hasangatin_Ramil won by resignation"]

1. e4 e6 2. d3 d5 3. Qe2 Nc6 4. Nf3 dxe4 5. dxe4 e5 6. c3 Bc5 7. g3 Nf6 8. Bg2 O-O 9. O-O h6 10. Nbd2 Be6 11. Nc4 Bxc4 12. Qxc4 Bb6 13. Nh4 Re8 14. Bf3 Qd7 15. Kg2 Qe6 16. Qxe6 Rxe6 17. Rd1 Rd8 18.
Rxd8+ Nxd8 19. Nf5 Nc6 20. Bd2 Ne7 21. Be1 Kh7 22.
Rd1 g6 23. Nxe7 Rxe7 24. Kf1 Kg7 25. Ke2 Rd7 26. Rxd7 Nxd7 27. b4 Nf8 28. Bg4 Ne6 29.
h4 Kf6 30. h5 g5 31. Bf5 c5 32. a3 cxb4 33. axb4 Bd8 34. f3 Ng7 35. Bg4 Ne6 36.
Bf2 b6 37. Kd3 Ke7 38. Kc4 Kd6 39. Bxe6 fxe6 40. Kb5 Kc7 41. Ka6 Kb8 42. g4 Be7 43.
Be1 Bd6 44. c4 Be7 45. Bc3 Bd6 46. Bb2 Bc7 47. c5 bxc5 48. bxc5 Ka8 49. Bc3 Kb8 50. Bb4 Ka8 51. c6 1-0

[Event "*** Titled Tuesday Blitz"]
[Site "Chess.com"]
[Date "2020.04.28"]
[Round "2"]
[White "ahachess"]
[Black "sboshaon21"]
[Result "1-0"]
[WhiteElo "2382"]
[BlackElo "2058"]
[TimeControl "180+1"]
[EndTime "10:18:34 PDT"]
[Termination "ahachess won on time"]

1. d4 d5 2. c4 c6 3. Nc3 Nf6 4. e3 e6 5. Nf3 Nbd7 6. Bd3 dxc4 7.
Bxc4 b5 8. Bd3 a6 9. e4 c5 10. e5 cxd4 11. Nxb5 axb5 12. exf6 Qxf6 13. Bxb5 Bc5 14. O-O O-O 15. Bg5 Qf5 16. Bd3 Qd5 17.
Re1 Rb8 18. b3 e5 19. Be4 Qd6 20. Rc1 f5 21. Bd3 Kh8 22. Bc4 Bb7 23. Bh4 h6 24. Rc2 g5 25. Nxg5 hxg5 26. Qh5+ Kg7 27. Qxg5+ Qg6 28.
Be6 Qxg5 29. Bxg5 Bb4 30. Rec1 Nb6 31. Rc7+ Kg6 32. h4 Bd5 33. Bxd5 Nxd5 34. R1c6+ Kh5 35. Rh6+ Kg4 36. Rg7 Rg8 37. f3+ Kg3 38. Rhg6 Rxg7 39. Rxg7 1-0

[Event "*** Titled Tuesday Blitz"]
[Site "Chess.com"]
[Date "2020.04.28"]
[Round "2"]
[White "Gvetadze"]
[Black "Bastiandash"]
[Result "0-1"]
[WhiteElo "2349"]
[BlackElo "2009"]
[TimeControl "180+1"]
[EndTime "10:18:34 PDT"]
[Termination "Bastiandash won by checkmate"]

1. Nf3 Nf6 2. g3 e6 3. Bg2 d5 4.
O-O Be7 5. d3 O-O 6. Nbd2 c5 7.
e4 Nc6 8. Re1 Qc7 9. Nf1 b6 10.
e5 Nd7 11. Bf4 Qd8 12. h4 f6 13. exf6 Nxf6 14. N1h2 Bd6 15. Ne5 Nxe5 16. Bxe5 Bxe5 17. Rxe5 Qd6 18. Qe2 Re8 19. h5 h6 20. Re1 Bd7 21.
Ng4 Nxg4 22. Qxg4 Re7 23. Qg6 Rf8 24. Bxd5 Rf6 25. Qg4 exd5 26. Qe2 Rxe5 27. Qxe5 Re6 28. Qxd6 Rxd6 29. Re5 Kf7 30. f4 Kf6 31. Kf2 Bc6 32. Re1 Re6 33. Ra1 d4 34. a4 a5 35. Ra3 Bd5 36.
c4 Bc6 37. g4 Ke7 38. f5 Rd6 39. Kg3 Kf6 40. Kf4 Rd8 41. Rb3 Rb8 42. Ra3 Bd7 43. Ra1 Re8 44. Rg1 Re3 45. g5+ hxg5+ 46. Rxg5 Rf3+ 47. Kxf3 Kxg5 48. f6 Kxf6 49. Ke4 Bf5+ 50.
Kd5 Bxd3 51. Kc6 Bxc4 52. Kxb6 d3 53. Kxa5 d2 54. Kb6 d1=Q 55. a5 Qb3+ 56. Ka7 Qxb2 57.
a6 Bd5 58. h6 Qe5 59. Kb6 Qe6+ 60. Kb5 gxh6 61. a7 Ba8 62. Ka5 c4 63. Kb4 Ke5 64.
Kc3 Kd5 65. Kb4 Qb6+ 66. Kc3 Qb3+ 67. Kd2 Kd4 68. Kc1 Qa2 69. Kd1 Kd3 70. Ke1 Qe2# 0-1

[Event "*** Titled Tuesday Blitz"]
[Site "Chess.com"]
[Date "2020.04.28"]
[Round "2"]
[White "Kimster98"]
[Black "Mykola-Bortnyk"]
[Result "1/2-1/2"]
[WhiteElo "2585"]
[BlackElo "2940"]
[TimeControl "180+1"]
[EndTime "10:18:35 PDT"]
[Termination "Game drawn by repetition"]

1. d4 Nf6 2. Bf4 d5 3. e3 c5 4. c3 cxd4 5. exd4 Nc6 6. Nd2 Bf5 7. Ngf3 e6 8. Qb3 Qd7 9. Bb5 Bd6 10. Bxd6 Qxd6 11.
a4 O-O 12. Qa3 Qc7 13. Bxc6 bxc6 14. a5 Bd3 15. Ne5 Bb5 16. f4 Rab8 17. Kf2 Ne4+ 18.
Nxe4 dxe4 19. g3 h5 20. Rhe1 f6 21. Ng6 Rfe8 22. Qc5 e5 23. dxe5 Bd3 24. Kg1 Rb5 25. Qe3 Qf7 26. Nh4 fxe5 27. f5 Rxb2 28. Qg5 Rc2 29. Ng6 e3 30. Qxh5 Qxf5 31. Qxf5 Bxf5 32. Nh4 Be4 33. Rxe3 Bd5 34. Rae1 e4 35. Ng2 g5 36. h4 Rf8 37. hxg5 Rf3 38. Nf4 Kg7 39. Nxd5 cxd5 40. Rxf3 exf3 41. Re3 Rg2+ 42. Kf1 Rxg3 43.
Kf2 Rxg5 44. Rxf3 Rg6 45. Ke3 Ra6 46. Rf5 Rxa5 47. Kd4 Ra4+ 48. Kxd5 Ra5+ 49. Ke4 Ra4+ 50. Kd3 Kg6 51. Rd5 Kf6 52. Kc2 Ke6 53. Rd8 Ra6 54. Kb3 Rb6+ 55. Ka3 Rc6 56. Kb3 Rb6+ 57. Ka3 Rc6 58.
Kb3 Rb6+ 1/2-1/2

[Event "*** Titled Tuesday Blitz"]
[Site "Chess.com"]
[Date "2020.04.28"]
[Round "2"]
[White "Grandmaster2B"]
[Black "Durarbayli"]
[Result "0-1"]
[WhiteElo "2517"]
[BlackElo "2780"]
[TimeControl "180+1"]
[EndTime "10:18:35 PDT"]
[Termination "Durarbayli won on time"]

1. e4 c5 2. Nf3 d6 3. d4 cxd4 4. Nxd4 Nf6 5. Nc3 Nc6 6. f3 e5 7.
Nb3 Be6 8. Be3 Be7 9. Qd2 d5 10.
exd5 Nxd5 11. Nxd5 Qxd5 12. Qxd5 Bxd5 13. O-O-O O-O-O 14. Be2 h5 15. Kb1 g6 16. Rd2 Be6 17. Rhd1 Rxd2 18.
Rxd2 b6 19. c3 f5 20. Kc2 g5 21. Bb5 Kc7 22. Re2 Bf6 23. Bf2 Bd7 24. Bd3 g4 25.
Nd2 Re8 26. Nc4 gxf3 27. gxf3 Rg8 28. Ne3 Ne7 29. Be1 b5 30. Rg2 Rxg2+ 31. Nxg2 Bc6 32.
Be2 f4 33. Bh4 Bxh4 34. Nxh4 Nd5 35. Kd2 Ne3 36. Ng6 Kd6 37. h4 a6 38. Nh8 Be8 39. Bd3 Ng2 40. Ng6 Ke6 41. Nf8+ Kf6 42. Nh7+ Kg7 43.
Ng5 Nxh4 44. Ne6+ Kf6 45. Nc7 Bc6 46. Nxa6 Nxf3+ 47. Ke2 e4 0-1

[Event "*** Titled Tuesday Blitz"]
[Site "Chess.com"]
[Date "2020.04.28"]
[Round "2"]
[White "Alexander_Moskalenko"]
[Black "Vusatiuk_Vladimir"]
[Result "1-0"]
[WhiteElo "2869"]
[BlackElo "2346"]
[TimeControl "180+1"]
[EndTime "10:18:35 PDT"]
[Termination "Alexander_Moskalenko won by resignation"]

1. c4 e5 2. Nc3 Bb4 3. Nd5 Be7 4. d4 d6 5. Nf3 Nc6 6. e4 Nf6 7. Nxf6+ Bxf6 8. d5 Nd4 9. Be3 Bg4 10. Be2 Bxf3 11.
Bxf3 c5 12. dxc6 Nxc6 13. O-O O-O 14. Bg4 Bg5 15. Bxg5 Qxg5 16. b3 Nd4 17. a4 Rab8 18. Re1 Nxb3 19. Qxb3 Qxg4 20. Rad1 Rfd8 21. a5 Qd7 22.
Rd5 Qc6 23. Red1 b6 24. axb6 Rxb6 25. Qd3 Rf8 26. h3 Rb4 27. Rxd6 Qxc4 28. Qxc4 Rxc4 29. f3 Rc7 30. Ra6 f6 31. h4 Rb8 32. Rdd6 Kf7 33. Kh2 Rb2 34. h5 h6 35. Kh3 Rbb7 36. Kg4 Rd7 37.
Re6 Re7 38. Red6 Red7 39. Rxd7+ Rxd7 40. Kf5 Rb7 41. g3 Ke8 42. Kg6 Kd8 43. f4 exf4 44. gxf4 Re7 45. Kf5 Kc8 46. e5 fxe5 47. fxe5 Kb7 48.
Ra1 Kc6 49. e6 Kd6 50. Rd1+ Kc6 51. Ke5 a5 52. Rc1+ Kb5 53. Kd6 Ra7 54. e7 Ra6+ 55. Kd7 Ra7+ 56. Rc7 Ra8 57. e8=Q Rxe8 58. Kxe8 a4 59.
Rxg7 a3 60. Ra7 Kb4 61. Kf7 Kb3 62. Kg6 Kb2 63. Kxh6 a2 64. Rxa2+ Kxa2 65. Kg7 Kb3 66. h6 1-0

[Event "*** Titled Tuesday Blitz"]
[Site "Chess.com"]
[Date "2020.04.28"]
[Round "2"]
[White "TheoSlade"]
[Black "dlp300"]
[Result "0-1"]
[WhiteElo "2291"]
[BlackElo "2548"]
[TimeControl "180+1"]
[EndTime "10:18:35 PDT"]
[Termination "dlp300 won on time"]

1. d4 Nf6 2. c4 e6 3. g3 d5 4. Bg2 Bb4+ 5. Bd2 Be7 6. Nf3 c6 7.
O-O O-O 8. Qc2 b6 9. Bf4 Ba6 10. Nbd2 Nbd7 11. Rac1 c5 12. Rfd1 cxd4 13. Nxd4 Rc8 14.
Bg5 Bxc4 15. Qa4 Nc5 16. Qc2 Ba6 17. b4 Nce4 18. Qa4 Nxg5 19. Qxa6 Qd7 20. b5 Rxc1 21. Rxc1 Nge4 22. Nxe4 dxe4 23. Nc6 Bc5 24. Qxa7 Qd2 25. Rf1 Qxe2 26. Qa4 h5 27. Nd4 Qd3 28. Nb3 Be7 29. Qd4 Qxb5 30. Bxe4 Rd8 31. Qe3 Qa4 32. Bb1 b5 33.
Rc1 h4 34. Kg2 Qg4 35. Nd2 h3+ 36. Kg1 Nd5 37. Qe4 Qxe4 38. Nxe4 Bf6 39. Kf1 Bd4 40. Rd1 Bb6 41. Bd3 b4 42. Rb1 f5 43.
Nd2 Nc3 0-1

[Event "*** Titled Tuesday Blitz"]
[Site "Chess.com"]
[Date "2020.04.28"]
[Round "2"]
[White "VolodymyrMolyboha"]
[Black "Anaj14"]
[Result "1-0"]
[WhiteElo "2422"]
[BlackElo "2148"]
[TimeControl "180+1"]
[EndTime "10:18:35 PDT"]
[Termination "VolodymyrMolyboha won on time"]

1. e4 c5 2. Nf3 d6 3. c3 e6 4. d4 Qc7 5. Bd3 b6 6. O-O Bb7 7. Re1 Nd7 8. a3 a6 9. b4 c4 10. Bc2 b5 11. a4 Ne7 12. Na3 Qb6 13. Be3 d5 14. Ng5 Nf6 15. e5 Nfg8 16. Bxh7 g6 17. Bxg8 Rxg8 18. Nh7 Bg7 19. Bg5 Rh8 20. Nf6+ Bxf6 21.
Bxf6 Rh5 22. g4 Rh3 23. Re3 Rxe3 24. fxe3 Ng8 25. Bg5 Kd7 26. a5 Qc7 27. Qf3 Rf8 28. Rf1 Kc6 29. Qh3 Qc8 30. Qh7 Qe8 31. Nc2 Bc8 32. Ne1 Bd7 33. Qg7 Kc7 34. Bh4 Kc8 35.
Nf3 Ne7 36. Ng5 Rh8 37. Bg3 Qg8 38. Rxf7 Qxg7 39. Rxg7 Nc6 40. Nf7 Rf8 41. Nd6+ Kc7 42. Be1 Rf3 43. Bd2 g5 44. Kg2 Rf8 45. Rxg5 Nd8 46.
Rg7 Kc6 47. h4 Rh8 48. h5 Rg8 49. Rxg8 Kc7 50. Rg7 1-0

[Event "*** Titled Tuesday Blitz"]
[Site "Chess.com"]
[Date "2020.04.28"]
[Round "2"]
[White "LimeInTheCoconut"]
[Black "Ana_Berke"]
[Result "1-0"]
[WhiteElo "2402"]
[BlackElo "2105"]
[TimeControl "180+1"]
[EndTime "10:18:35 PDT"]
[Termination "LimeInTheCoconut won by resignation"]

1. g3 c5 2. c4 Nc6 3. Bg2 e5 4. Nc3 d6 5. a3 Nge7 6. Rb1 a5 7.
d3 g6 8. h4 h5 9. Bg5 Bg7 10.
Nd5 O-O 11. Nf6+ Kh8 12. Nf3 Nd4 13. e3 Ne6 14. Nd2 Bxf6 15. Bxf6+ Ng7 16. Ne4 Qd7 17.
Bh3 Qc7 18. g4 Ng8 19. Bxg7+ Kxg7 20. gxh5 Bxh3 21. Rxh3 Rad8 22. Rg3 Qe7 23. hxg6 fxg6 24. Qg4 Qf7 25. h5 Qf5 26. Qxg6+ Qxg6 27. Rxg6+ Kf7 28.
Ke2 Ne7 29. Rxd6 Nf5 30. Rf6+ Ke7 31. Rxf8 Rxf8 32. Nxc5 b6 33. Ne4 Rh8 34. Rh1 Rh6 35. b4 Ng7 36. bxa5 bxa5 37. d4 Ke6 38. d5+ Kd7 39.
Kd3 Nxh5 40. Ng3 e4+ 41. Kd2 Rf6 42. Rxh5 Rxf2+ 43. Kc3 Ra2 44. Nxe4 Rxa3+ 45. Kd4 Ra1 46. Rh7+ Kc8 47. c5 Rd1+ 48. Ke5 a4 49. Kd6 Kb8 50.
c6 a3 51. Rh8+ Ka7 52. c7 Rc1 53. c8=Q Rxc8 54. Rxc8 a2 55. Rc1 Kb6 56. Ra1 Kb5 57. Rxa2 Kc4 58. Rd2 1-0

[Event "*** Titled Tuesday Blitz"]
[Site "Chess.com"]
[Date "2020.04.28"]
[Round "2"]
[White "SoltaniciR"]
[Black "exoticprincess"]
[Result "1-0"]
[WhiteElo "2571"]
[BlackElo "2834"]
[TimeControl "180+1"]
[EndTime "10:18:36 PDT"]
[Termination "SoltaniciR won by resignation"]

1. e4 c6 2. c4 d5 3. exd5 cxd5 4. cxd5 Nf6 5. Qa4+ Nbd7 6. Nc3 g6 7. Nf3 Bg7 8. Bc4 O-O 9. d3 a6 10. Qa3 b6 11.
O-O Bb7 12. Re1 Re8 13. Ng5 Nf8 14. d6 e6 15. Nge4 N8d7 16. Bb3 b5 17. Bd2 Rb8 18.
Nxf6+ Nxf6 19. Ne4 Nd7 20. Rac1 Bf8 21. Bg5 f6 22.
Bd2 Qb6 23. Be3 Qd8 24. Bd2 Qb6 25. Be3 b4 26. Qa4 Qb5 27. Qxb5 axb5 28. Nc5 Nxc5 29.
Bxc5 Bd5 30. Bxb4 Bxb3 31. axb3 Rbd8 32. Rc6 e5 33. Rb6 Kf7 34. Kf1 Ke6 35. d4 Rb8 36. Rxb8 Rxb8 37. dxe5 fxe5 38. f4 Bg7 39. Bc3 Kxd6 40.
Bxe5+ Bxe5 41. Rxe5 Rc8 42. Rxb5 Rc2 43. Rb7 Rxb2 44.
Rxh7 Rxb3 45. Rg7 Kd5 46. Rxg6 Ke4 47. h3 Kxf4 48. Kg1 Kf5 49. Rg4 1-0

[Event "*** Titled Tuesday Blitz"]
[Site "Chess.com"]
[Date "2020.04.28"]
[Round "2"]
[White "Bubi6"]
[Black "crossingthestreet"]
[Result "1-0"]
[WhiteElo "2644"]
[BlackElo "2318"]
[TimeControl "180+1"]
[EndTime "10:18:36 PDT"]
[Termination "Bubi6 won by resignation"]

1. e4 e6 2. d4 d5 3. Nc3 Nf6 4. e5 Nfd7 5. f4 c5 6. Nf3 Nc6 7.
Be3 Be7 8. Qd2 O-O 9. Be2 a6 10. O-O b5 11. Nd1 Qb6 12. c3 a5 13. Kh1 b4 14. c4 dxc4 15. Bxc4 Ba6 16. Bxa6 Qxa6 17. d5 exd5 18. Re1 Nb6 19. f5 Rfd8 20. f6 Nc4 21.
Qf2 gxf6 22. Bh6 Kh8 23. exf6 Bxf6 24. Ng5 N6e5 25. Qf5 Bxg5 26. Bxg5 Re8 27. Nf2 Qg6 28. Qf4 Kg8 29. h4 Nd3 30. Nxd3 Qxd3 31. h5 Qd2 32. Qxd2 Nxd2 33. Bxd2 d4 34. b3 a4 35. h6 axb3 36. axb3 f6 37. Bf4 Kf7 38. Bd6 Rxa1 39. Rxa1 d3 40. Rd1 Rd8 41. Bxc5 Ke6 42. Bxb4 Kf5 43. Bd2 Ke4 44. b4 Kd4 45. Rb1 Kc4 46. b5 Rb8 47. b6 Kc5 48. b7 Kc6 49. Kg1 Rxb7 50. Rxb7 Kxb7 51. Kf2 Kc6 52. Ke3 Kd5 53. Kxd3 Ke5 54. Ke3 Kf5 55. Kf3 Kg6 56. Kg4 f5+ 57. Kh4 Kf6 58. Kh5 Ke6 59. Kg5 Ke5 60. Bf4+ Ke6 61. g3 Kf7 62. Kxf5 Ke7 63. Be5 Kf7 64.
Bg7 Kg8 65. Be5 Kf7 66. Bf4 Kg8 67. g4 Kf7 68. g5 Kg8 69. Be5 Kf7 70. g6+ hxg6+ 71.
Kg5 Kg8 72. Kxg6 Kf8 73. h7 1-0

[Event "*** Titled Tuesday Blitz"]
[Site "Chess.com"]
[Date "2020.04.28"]
[Round "2"]
[White "TheNomNomFactor"]
[Black "HrvojeZagreb"]
[Result "1-0"]
[WhiteElo "2401"]
[BlackElo "2102"]
[TimeControl "180+1"]
[EndTime "10:18:36 PDT"]
[Termination "TheNomNomFactor won by resignation"]

1. e4 e6 2. d4 d5 3. Nc3 dxe4 4. Nxe4 Nd7 5. Bd3 Ngf6 6. Qe2 b6 7. Bg5 Bb7 8. Nf3 Be7 9. Nxf6+ Bxf6 10. Bxf6 Qxf6 11.
Be4 Bxe4 12. Qxe4 O-O 13. O-O c5 14. Rad1 cxd4 15. Qxd4 Nc5 16. Qxf6 gxf6 17. Rd6 Rac8 18. c4 Rfd8 19. Rfd1 Rxd6 20. Rxd6 Kf8 21. Kf1 Ke7 22. Rd4 Rd8 23. Ke2 a6 24. Rh4 Na4 25. b3 Nc3+ 26. Ke3 Nxa2 27. Rxh7 a5 28. Nd4 Rd6 29. Rh8 Nb4 30. h4 Nc6 31. Nxc6+ Rxc6 32. h5 a4 33. bxa4 Rxc4 34. g3 Rxa4 35. h6 Ra1 36. g4 Rh1 37. f4 b5 38. g5 fxg5 39. fxg5 b4 40. Rb8 Rh5 41. Kf4 Kd6 42. Kg4 Rh1 43. Rxb4 Rg1+ 44.
Kh5 Rh1+ 45. Rh4 Rc1 46. h7 Rc8 47. Kh6 Ke7 48. Kg7 e5 49. h8=Q Rxh8 50. Rxh8 Ke6 51. Rf8 e4 52. Rxf7 e3 53. Rf8 Kd5 54. Re8 1-0

[Event "*** Titled Tuesday Blitz"]
[Site "Chess.com"]
[Date "2020.04.28"]
[Round "2"]
[White "HansCoolNiemann"]
[Black "Hanging_pointer"]
[Result "1-0"]
[WhiteElo "2950"]
[BlackElo "2577"]
[TimeControl "180+1"]
[EndTime "10:18:37 PDT"]
[Termination "HansCoolNiemann won on time"]

1. d4 d5 2. c4 c6 3. Nf3 Nf6 4. e3 Bg4 5. h3 Bxf3 6. Qxf3 e6 7. Nc3 Be7 8. Bd2 Nbd7 9. cxd5 cxd5 10. Bd3 Rc8 11.
O-O O-O 12. Rfc1 Nb6 13. b3 Ba3 14. Rc2 a6 15. Qd1 Qe7 16. Ne2 Rxc2 17. Bxc2 Rc8 18. Ba5 Nbd7 19. Bd3 Nb8 20. Bc3 Nc6 21. Qd2 Bb4 22. Rc1 Ba3 23. Bb2 Bb4 24. Qc2 g6 25. g3 Kg7 26. Kg2 Na7 27. Qd1 Rc6 28. Rxc6 Nxc6 29. Qc1 Qc7 30. a3 Be7 31. Nf4 Ne8 32.
h4 Bd6 33. h5 Bxf4 34. gxf4 gxh5 35. Qd1 Nf6 36. Bc3 Ne7 37. Bd2 Ng6 38. f3 b5 39.
Be1 Ne8 40. f5 exf5 41. Bxf5 Qe7 42. f4 Qxe3 43. Bxg6 hxg6 44. Bg3 Nf6 45. f5 Ng4 46. fxg6 fxg6 47. a4 Qe4+ 48. Kg1 bxa4 49. bxa4 1-0

[Event "*** Titled Tuesday Blitz"]
[Site "Chess.com"]
[Date "2020.04.28"]
[Round "2"]
[White "Noam_Vitenberg"]
[Black "ChessQueen"]
[Result "0-1"]
[WhiteElo "2499"]
[BlackElo "2738"]
[TimeControl "180+1"]
[EndTime "10:18:37 PDT"]
[Termination "ChessQueen won on time"]

1. d4 Nf6 2. c4 e6 3. Nf3 b6 4. g3 Bb7 5. Bg2 Be7 6. O-O O-O 7. Re1 d5 8. cxd5 exd5 9. Nc3 c5 10. Bf4 Na6 11. Rc1 Ne4 12. Qa4 cxd4 13. Nxd4 Nxc3 14. bxc3 Nc5 15. Qc2 Ne4 16. c4 Bc5 17. Be3 Re8 18.
Red1 Qf6 19. Qa4 dxc4 20. Qxc4 Rac8 21. Qd3 Rcd8 22. Qc4 Bd5 23. Qa4 h6 24. Rd3 Re5 25. Rcd1 Ng5 26. f4 Rxe3 27. Rxe3 Bxg2 28. Kxg2 Ne6 29.
Nxe6 Rxd1 30. Nxc5 Qa1 31. Re8+ Kh7 32. Qe4+ g6 33. Qe5 Rg1+ 34. Kh3 Qxe5 35. Rxe5 bxc5 36. Re7 Kg7 37. Rxa7 Ra1 38. Rc7 Rxa2 39. Rxc5 Rxe2 40. Rc3 h5 41. Rf3 f6 42. Rc3 Kh6 43. Rb3 g5 44. fxg5+ fxg5 45. g4 h4 46. Rb6+ Kg7 47. Rb7+ Kf6 48.
Rb6+ Ke5 49. Rb5+ Kf6 50. Rb6+ Re6 51. Rxe6+ Kxe6 52. Kg2 Kd5 53. Kf3 Kd4 54. Kf2 Ke4 0-1

[Event "*** Titled Tuesday Blitz"]
[Site "Chess.com"]
[Date "2020.04.28"]
[Round "2"]
[White "JakubPulpan"]
[Black "thedjoker98"]
[Result "0-1"]
[WhiteElo "2709"]
[BlackElo "2507"]
[TimeControl "180+1"]
[EndTime "10:18:38 PDT"]
[Termination "thedjoker98 won by resignation"]

1. e4 e5 2. Nf3 Nc6 3. Bb5 g6 4. b3 Bg7 5. Bb2 Nge7 6. O-O O-O 7. Re1 a6 8. Bf1 Re8 9. d3 d5 10. Nbd2 Bg4 11. h3 Bxf3 12. Nxf3 dxe4 13. dxe4 Qxd1 14.
Raxd1 Rad8 15. a4 Nc8 16. Ba3 Bf8 17. Bxf8 Kxf8 18. Bc4 Nb6 19. Bd5 Rd6 20. Ng5 Nd8 21.
Nxh7+ Kg7 22. Ng5 c6 23. Bc4 Nxc4 24. bxc4 Rxd1 25. Rxd1 Kf6 26. h4 Ke7 27. c5 f6 28.
Nf3 Ne6 29. Rb1 Nxc5 30. Ne1 b5 31. axb5 axb5 32. c4 Nxe4 33. cxb5 Nc3 34. Ra1 Nxb5 35. Nd3 Rc8 36. Nc5 Rc7 37. Ne4 Nd6 38. Nc5 Nf5 39. g3 Nd4 40. Kg2 Ne6 41. Ne4 c5 42. Nc3 Rd7 43. Ra6 f5 44. Na4 c4 45. Nb6 Rd4 46. Ra7+ Kd6 47. Ra8 c3 48. Rc8 Nc7 49.
Rd8+ Kc6 50. Rxd4 exd4 51. Na4 c2 52. Nb2 c1=Q 53. Nd3 Qc4 54. Nf4 d3 55. Ne2 0-1